AoeStats
← polom.s1989

Black Forest

509837986Analyzed
4v4 RM · 5d ago on Sep 28, 2026· 10m 44s· 8 players
Game mode
Random Map
Map size
Large (8 player)
Population
200
Speed
Normal
Resources
Standard
Victory
Conquest
Starting age
Dark Age
Ending age
Imperial Age
RankedLock teamsTeams togetherTeam positionsShared explorationLock speedFull tech treeHidden civsTurbo modeCheats
Victory
Defeat
🇪🇪 Persians · Estonia
1494
+17
🇨🇿 Japanese · Czechia
1491
+17
🇫🇷 Romans · France
1480
+17
🇦🇹 Vietnamese · Austria
1466
+18
🇺🇸 Saracens · United States
1535
-18
🇨🇳 Armenians · China
1528
-18
🇨🇭 Tatars · Switzerland
1509
-17
🇦🇺 Lithuanians · Australia
1479
-16
Ellis
0:44 Loom
10:59 Feudal Age
[TETU] tachou
0:59 Loom
[DDocs] Haasal
12:51 Feudal Age
polom.s1989
0:27 Loom
MrWrong
1:29 Loom
3:28 Loom
10:13 Feudal Age
Zlap
6:34 Loom
12:02 Feudal Age
politeOil
1:37 Loom
word.exe
2:33 Loom
12:07 Feudal Age
Connection lost

Rejoining the realm…

Still unreachable

The connection could not be restored.

Session expired

The server has moved on; the page needs a fresh start.